Map: Odyssey LE

Players

Trizztein - Winner!

  • Race: Terran Terran
  • League: Diamond
  • Spawn Location: 11:00

Automata

  • Race: Zerg Zerg
  • League: Diamond
  • Spawn Location: 5:00

VOD

Have the link to the VOD?

Description

Time

  • Played on: June 25, 2017, 12:51 p.m.
  • Length: 13:41
Show
View Real Time Build Order
Export as new Build Order

Trizztein Terran - Winner!

Build Orders: Reaper Expand, MMM Bio 

Get SALT Encoding   

  12  0:00  SCV  
  13  0:13  SCV  
  14  0:17  Supply Depot  
  14  0:25  SCV  
  15  0:40  Barracks, SCV  
  16  0:45  Refinery  
  16  0:52  SCV  
  18  1:04  SCV  
  18  1:16  SCV  
  19  1:29  Orbital Command  
  19  1:30  Reaper  
  20  1:44  Command Center  
  20  1:55  Barracks  
  20  1:58  SCV  
  21  2:02  Barracks Reactor  
  21  2:08  Refinery  
  21  2:11  SCV  
  22  2:17  Supply Depot  
  22  2:23  SCV  
  23  2:38  SCV  
  23  2:42  Marine x2  
  23  2:43  Factory, Barracks Tech Lab  
  26  2:51  SCV  
  27  2:57  Orbital Command  
  27  3:03  Marine x2, SCV  
  30  3:07  Stimpack  
  31  3:17  SCV  
  32  3:23  Marine  
  32  3:28  Starport  
  32  3:30  Factory Reactor  
  32  3:32  Marine x2  
  33  3:34  SCV  
  33  3:36  SCV  
  35  3:41  Supply Depot  
  35  3:42  Marine  
  35  3:47  SCV  
  37  3:50  Marine  
  38  3:57  SCV  
  38  4:00  SCV  
  38  4:01  Marine x2  
  42  4:04  Supply Depot  
  42  4:12  Marine  
  42  4:15  SCV x2  
  45  4:19  Marine  
  45  4:20  Medivac x2, Widow Mine  
  52  4:27  SCV  
  52  4:28  Supply Depot, SCV  
  54  4:34  Marine x2  
  56  4:39  SCV  
  56  4:42  SCV  
  56  4:43  Supply Depot  
  58  4:47  Engineering Bay  
  58  4:49  Engineering Bay  
  58  4:50  Medivac  
  58  4:51  SCV, Factory Reactor  
  61  5:01  SCV  
  61  5:02  Marine x3  
  61  5:03  SCV  
  66  5:07  Refinery, Supply Depot  
  66  5:08  Combat Shields  
  66  5:14  SCV  
  67  5:15  Terran Infantry Weapons Level 1  
  67  5:18  SCV  
  68  5:21  Marine x2  
  68  5:22  Marine  
  68  5:26  SCV  
  71  5:39  Terran Infantry Armor Level 1, Marine x2  
  73  5:48  SCV  
  73  5:49  Marine  
  75  5:53  SCV  
  75  5:56  Starport Reactor  
  75  5:57  Marine x2, Factory Reactor  
  76  6:01  SCV  
  79  6:05  Supply Depot x2, SCV  
  79  6:06  Marine  
  79  6:08  Supply Depot  
  81  6:12  Barracks  
  81  6:13  Barracks, SCV  
  81  6:14  Barracks, Marine  
  81  6:17  SCV  
  84  6:26  Marine x2, SCV  
  84  6:32  Marine  
  87  6:33  Refinery, Supply Depot  
  87  6:36  Armory  
  87  6:39  Supply Depot  
  88  6:44  Marine  
  89  6:53  Marine x2  
  91  7:02  Marine  
  91  7:09  Marine, Barracks Tech Lab  
  91  7:10  Marine x3  
  91  7:11  Marine x2  
  97  7:20  Supply Depot, Marine  
  98  7:24  Concussive Shells  
  98  7:27  Command Center, Marine x2  
  98  7:28  Marine  
  98  7:29  Terran Infantry Weapons Level 2  
  101  7:36  SCV  
  101  7:37  Marine x5, SCV  
  103  7:38  Terran Infantry Armor Level 2  
  108  7:44  Barracks  
  108  7:45  Barracks, Marine x2  
  108  7:46  Marine  
  108  7:48  Barracks  
  111  8:03  Marine x2  
  111  8:04  Marine x6  
  115  8:13  Widow Mine x2  
  115  8:14  Medivac x2  
  115  8:15  SCV  
  115  8:18  Supply Depot, Terran Vehicle And Ship Armor Level 1  
  115  8:19  Supply Depot  
  122  8:21  Marine x2  
  124  8:28  Marine x6  
  128  8:38  SCV  
  128  8:39  Marine x2  
  128  8:40  Orbital Command  
  134  8:44  Supply Depot, SCV  
  134  8:45  Supply Depot, Marine x3  
  134  8:46  Marine  
  134  8:47  Widow Mine x2  
  140  9:05  Marine x8  
  140  9:06  Marine x3  
  151  9:15  Widow Mine x2  
  155  9:23  Marine  
  142  9:26  Marine x2  
  142  9:27  Marine x2  
  125  9:31  Marine x3  
  125  9:32  Marine x3  
  121  9:40  Marine  
  121  9:41  Orbital Command  
  121  9:44  Marine x4, Widow Mine  
  125  9:49  Marine x4  
  129  9:53  SCV  
  129  9:57  SCV  
  131  10:05  Marine x3, SCV  
  135  10:18  Marine x5  
  135  10:19  Marine x3  
  133  10:22  SCV x2  
  133  10:25  Marine x2  
  137  10:34  SCV  
  130  10:37  Marine  
  130  10:38  Marine x6  
  137  10:46  Marine x4  
  136  10:55  Marine x3  
  136  10:56  Marine x4  
  143  11:03  Marine  
  143  11:04  Marine x3  
  141  11:07  Widow Mine x2  
  144  11:13  Marine x5  
  144  11:14  Marine x2  
  148  11:21  Marine  
  148  11:22  Marine x2  
  132  11:33  Marine x4  
  132  11:35  Marauder, Barracks Tech Lab x2  
  138  11:45  Marine x4  
  142  11:50  Marine  
  142  11:51  Widow Mine x2  
  142  11:52  Medivac x2  
  150  12:10  Marine x4  
  150  12:11  Marine, Marauder x2  
  159  12:18  Marine x2  
  159  12:19  Command Center  
  159  12:20  Widow Mine x2  
  159  12:22  Medivac x2  
  169  12:33  Marine x3  
  169  12:34  Marine x5  
  169  12:36  Marine x2  
  179  12:40  Bunker  
  179  12:51  Widow Mine  
  178  12:57  Starport  
  180  13:06  Widow Mine  
  180  13:10  Marine x3  
  178  13:18  Marine  
  178  13:19  Marine x3  
  180  13:27  Starport  
Show
View Real Time Build Order
Export as new Build Order

Automata Zerg 

Build Orders: Hatch First, Muta Ling Bane 

Get SALT Encoding   

  12  0:01  Drone  
  13  0:12  Overlord  
  13  0:18  Drone  
  14  0:31  Drone x2  
  14  0:35  Drone  
  17  0:53  Hatchery  
  17  0:56  Drone  
  17  0:59  Extractor  
  17  1:01  Drone  
  17  1:17  Spawning Pool  
  16  1:20  Drone  
  16  1:24  Drone  
  18  1:29  Drone  
  19  1:39  Overlord  
  19  2:03  Queen, Metabolic Boost  
  19  2:05  Queen  
  19  2:06  Zergling x2  
  24  2:09  Zergling x2  
  24  2:13  Drone  
  26  2:16  Drone  
  26  2:19  Drone  
  26  2:22  Drone  
  29  2:28  Overlord  
  29  2:34  Drone  
  30  2:38  Drone  
  30  2:41  Pneumatized Carapace  
  31  2:49  Queen  
  31  2:51  Drone  
  34  2:54  Drone  
  34  2:58  Drone  
  36  3:00  Drone  
  37  3:17  Drone x2  
  37  3:18  Hatchery  
  38  3:21  Drone  
  38  3:22  Drone  
  38  3:24  Drone  
  41  3:29  Drone  
  41  3:30  Drone x2  
  44  3:36  Overlord  
  44  3:43  Overlord  
  44  3:54  Queen, Drone  
  44  3:55  Drone x2  
  47  4:06  Evolution Chamber x2, Drone x4  
  47  4:07  Drone x2  
  51  4:27  Drone  
  51  4:28  Drone x2  
  51  4:29  Queen  
  56  4:36  Zerg Melee Weapons Level 1  
  56  4:37  Zerg Ground Armor Level 1, Zergling x2  
  56  4:38  Zergling x12  
  63  4:43  Extractor  
  63  4:44  Zergling x2  
  63  4:45  Zergling x4  
  65  4:53  Zergling x2  
  65  4:54  Overlord x2  
  65  4:57  Lair  
  66  5:07  Baneling Nest  
  66  5:08  Overlord x2  
  66  5:09  Overlord  
  65  5:15  Drone x3  
  65  5:17  Zergling x6  
  71  5:24  Zergling x6  
  74  5:29  Zergling x2  
  74  5:30  Zergling x10  
  80  5:39  Zergling x2  
  80  5:40  Drone x2  
  80  5:41  Drone  
  84  5:46  Drone  
  85  5:51  Drone x2  
  85  5:52  Drone  
  85  5:53  Queen  
  85  5:54  Extractor  
  85  5:55  Extractor, Drone  
  85  5:56  Drone x2  
  85  5:57  Drone  
  92  5:58  Drone x2  
  92  5:59  Drone  
  92  6:03  Centrifical Hooks  
  95  6:05  Extractor, Drone x2  
  95  6:07  Extractor, Drone  
  96  6:12  Baneling x6  
  96  6:17  Drone  
  96  6:18  Drone  
  98  6:21  Overlord x2  
  97  6:27  Overlord x2  
  97  6:30  Overlord  
  97  6:39  Baneling x5  
  97  6:46  Spine Crawler, Zergling x4  
  98  6:47  Spine Crawler  
  98  6:48  Zergling x8  
  98  6:50  Drone  
  98  6:51  Drone x3  
  105  6:57  Zergling x2  
  105  6:58  Queen  
  105  6:59  Zergling x2  
  107  7:03  Zergling x2  
  107  7:04  Zergling x2  
  107  7:08  Zergling x4, Drone x2  
  110  7:09  Drone  
  110  7:14  Zerg Melee Weapons Level 2  
  110  7:15  Drone x3  
  115  7:18  Spine Crawler  
  115  7:19  Spine Crawler, Overlord  
  115  7:22  Spine Crawler, Baneling x4  
  113  7:27  Drone x3  
  113  7:28  Drone  
  117  7:30  Spire  
  116  7:38  Overlord, Drone  
  117  7:46  Zergling x8  
  117  7:48  Drone  
  117  7:49  Drone x4  
  126  7:57  Drone  
  127  8:00  Hatchery  
  127  8:05  Zergling x6  
  129  8:07  Drone  
  129  8:09  Hatchery  
  130  8:13  Zergling x8  
  130  8:17  Drone  
  130  8:19  Overseer x2  
  133  8:20  Overseer  
  133  8:24  Overlord, Drone x2  
  135  8:28  Baneling x5  
  135  8:29  Zergling x4  
  135  8:30  Zergling x4  
  135  8:31  Zergling x4  
  135  8:32  Drone  
  135  8:33  Drone x2  
  145  8:36  Hatchery  
  144  8:45  Zergling x2  
  145  8:53  Overlord  
  145  8:54  Mutalisk x4  
  153  8:57  Infestation Pit, Overlord x2  
  153  9:00  Hatchery  
  153  9:01  Zergling x4  
  153  9:05  Overlord  
  153  9:11  Overlord x5  
  153  9:12  Overlord  
  153  9:17  Overlord  
  153  9:22  Zergling x12  
  153  9:23  Zergling x2  
  126  9:25  Zergling x6  
  126  9:26  Zergling x4  
  118  9:32  Extractor x2  
  118  9:36  Zergling x2  
  113  9:41  Zergling x4  
  112  9:46  Zergling x2  
  112  9:48  Baneling  
  112  9:49  Baneling x23  
  112  9:50  Zergling x4  
  112  9:51  Zergling x12  
  119  9:55  Overlord  
  119  9:56  Zergling x4  
  121  10:01  Hive  
  121  10:03  Zergling x6  
  123  10:08  Zergling x2  
  123  10:12  Zergling x2  
  123  10:13  Zergling x4  
  124  10:15  Zergling x2  
  124  10:16  Zergling x6  
  124  10:18  Zergling x2  
  124  10:19  Zergling x4  
  124  10:20  Baneling x4  
  113  10:24  Overseer x5  
  113  10:25  Overseer x2  
  113  10:26  Zergling x6  
  113  10:28  Overseer  
  116  10:29  Mutalisk  
  116  10:30  Zergling x2  
  116  10:33  Zergling x4  
  116  10:35  Zergling x4  
  118  10:38  Baneling x2  
  118  10:39  Baneling x2  
  118  10:40  Zergling x2  
  113  10:43  Zergling x2  
  113  10:44  Zergling x8  
  113  10:45  Zergling x2  
  110  10:50  Zergling x2  
  110  10:52  Baneling x3  
  110  10:53  Zergling x6  
  110  10:54  Baneling x3  
  110  10:55  Baneling  
  110  10:56  Zergling x6  
  117  11:00  Zergling x6  
  117  11:02  Zergling x2  
  117  11:03  Zergling x2  
  118  11:07  Baneling x5  
  118  11:08  Baneling x4  
  118  11:09  Zergling x4  
  117  11:11  Overlord  
  117  11:13  Zergling x2, Mutalisk  
  117  11:16  Zergling x2  
  117  11:18  Zergling x4  
  117  11:19  Zergling x2  
  117  11:21  Zergling x2  
  117  11:25  Zergling x6  
  115  11:27  Zergling x2  
  115  11:28  Zergling x2  
  115  11:30  Zergling x2  
  115  11:31  Zergling x4  
  114  11:37  Zergling x2  
  114  11:39  Ultralisk Cavern  
  111  11:41  Baneling x4  
  111  11:42  Baneling  
  108  11:47  Baneling x3  
  108  11:57  Zergling x16  
  108  11:58  Zergling x12  
  121  12:02  Zergling x4  
  121  12:03  Zergling x2  
  121  12:04  Drone  
  121  12:08  Zergling x2  
  118  12:09  Baneling x2  
  118  12:10  Baneling x4  
  118  12:13  Overlord  
  118  12:17  Zergling x4  
  118  12:18  Zergling x4  
  118  12:21  Mutalisk  
  124  12:26  Zergling x2  
  124  12:27  Mutalisk x3  
  130  12:31  Zergling x2  
  130  12:32  Extractor, Drone  
  130  12:36  Baneling x4  
  130  12:37  Baneling x8  
  118  12:45  Ultralisk  
  118  12:48  Zergling x4  
  123  12:56  Ultralisk, Overlord  
  132  13:09  Zergling x2  
  132  13:12  Baneling x4  
  129  13:15  Zergling x8  
  125  13:21  Zergling x4  
  125  13:23  Zergling x4  
Tags
 
Add a new tag
Caveats
  • Supply blocks, unpowered buildings, or Contaminate may cause inaccurate times.
  • Supply counts are checked every 10 seconds.